General information
			
			
        
        - name: BNet
 
        - type: Ladder team game (AT/RT)
 
        - host: Battle.net
 
        - saver: BEAR_AND
 
        
map: Mur'gulOasis 
        - players: 8
 
        - length: 24:44
 
        - speed: Fast
 - version: 1.22 W3XP
 - replay type:  

 
» download(269 KB)
Players
        team 1 (loser) 
              
              
easy_as_1-2-3.1 (
green | 110 APM | 2712 actions | 24:43)
              
 5 Death Knight 
 2 Death Coil
 3 Unholy Aura
 3 Lich 
 2 Frost Nova
 1 Frost Armor
 
                » actions 
                
                | Assign group hotkey | 28 |  | 
| Basic commands | 36 |  | 
| Build / train | 71 |  | 
| ESC pressed | 3 |  | 
| Enter build submenu | 16 |  | 
| Enter hero's abilities submenu | 8 |  | 
| Right click | 1247 |  | 
| Select / deselect | 313 |  | 
| Select group hotkey | 916 |  | 
| Use ability | 74 |  | 
                2712 total
 » units 
                
                | Acolyte | 13 |  | 
| Ghoul | 3 |  | 
| Crypt Fiend | 12 |  | 
| Frost Wyrm | 11 |  | 
                39 total
 » upgrades
                
                | Creature Attack | 2 |  | 
| Creature Carapace | 1 |  | 
| Freezing Breath | 1 |  | 
| Web | 1 |  | 
                5 total
 » buildings
                
                | Graveyard | 1 |  | 
| Crypt | 1 |  | 
| Ziggurat | 5 |  | 
| Altar of Darkness | 1 |  | 
| Tomb of Relics | 3 |  | 
| Spirit Tower | 4 |  | 
| Halls of the Dead | 1 |  | 
| Sacrificial Pit | 1 |  | 
| Black Citadel | 1 |  | 
| Boneyard | 2 |  | 
                20 total
 » build order
                00:08 Graveyard
00:09 Crypt
00:28 Ziggurat
00:56 Altar of Darkness
01:37 Tomb of Relics
02:34 Ziggurat
02:53 Spirit Tower
02:53 Spirit Tower
04:04 Spirit Tower
04:16 Ziggurat
04:16 Ziggurat
06:03 Halls of the Dead
06:38 Tomb of Relics
08:19 Tomb of Relics
10:08 Sacrificial Pit
10:09 Black Citadel
12:50 Boneyard
13:04 Boneyard
16:19 Ziggurat
» items
                
                | Scroll of Town Portal | 5 |  | 
| Scroll of Healing | 1 |  | 
                6 total
  
               
              
              
Fase (
purple | 85 APM | 1973 actions | 23:18)
              
 2 Pandaren Brewmaster 
 1 Breath of Fire
 1 Drunken Brawler
 
                » actions 
                
                | Assign group hotkey | 12 |  | 
| Basic commands | 281 |  | 
| Build / train | 23 |  | 
| Enter build submenu | 5 |  | 
| Enter hero's abilities submenu | 2 |  | 
| Right click | 1049 |  | 
| Select / deselect | 170 |  | 
| Select group hotkey | 257 |  | 
| Use ability | 173 |  | 
                1973 total
 » units 
                » buildings
                
                | Altar of Elders | 1 |  | 
| Moon Well | 2 |  | 
| Ancient of War | 1 |  | 
                4 total
 » build order
                00:18 Altar of Elders
00:32 Moon Well
00:48 Ancient of War
01:38 Moon Well
» items
                
                | Lesser Clarity Potion | 3 |  | 
| Healing Salve | 1 |  | 
                4 total
  
               
              
              
PinkFloydMeddle (
blue | 80 APM | 1855 actions | 23:18)
              
 4 Tauren Chieftain 
 2 Shockwave
 2 Endurance Aura
 2 Pandaren Brewmaster 
 1 Breath of Fire
 1 Drunken Haze
 
                » actions 
                
                | Assign group hotkey | 15 |  | 
| Basic commands | 48 |  | 
| Build / train | 52 |  | 
| ESC pressed | 4 |  | 
| Enter build submenu | 15 |  | 
| Enter hero's abilities submenu | 7 |  | 
| Give item / drop item | 1 |  | 
| Right click | 1193 |  | 
| Select / deselect | 309 |  | 
| Select group hotkey | 111 |  | 
| Use ability | 100 |  | 
                1855 total
 » units 
                
                | Peon | 9 |  | 
| Grunt | 7 |  | 
| Wind Rider | 1 |  | 
| Troll Batrider | 1 |  | 
| Demolisher | 3 |  | 
                21 total
 » upgrades
                
                | Pillage | 1 |  | 
| Berserker Strength | 1 |  | 
| Ranged Weapons | 1 |  | 
                3 total
 » buildings
                
                | Barracks | 1 |  | 
| Altar of Storms | 1 |  | 
| Orc Burrow | 6 |  | 
| Voodoo Lounge | 1 |  | 
| War Mill | 1 |  | 
| Stronghold | 1 |  | 
| Beastiary | 3 |  | 
                14 total
 » build order
                00:10 Barracks
00:12 Altar of Storms
00:22 Orc Burrow
01:56 Orc Burrow
02:09 Voodoo Lounge
03:39 War Mill
04:51 Orc Burrow
05:48 Stronghold
08:21 Beastiary
08:23 Beastiary
08:28 Orc Burrow
08:29 Beastiary
11:35 Orc Burrow
11:59 Orc Burrow
» items
                
                | Lesser Clarity Potion | 5 |  | 
| Healing Salve | 5 |  | 
| Scroll of Speed | 2 |  | 
| Scroll of Town Portal | 2 |  | 
| Potion of Mana | 2 |  | 
                16 total
  
               
              
              
triumvir (
pink | 77 APM | 1780 actions | 23:15)
              
 3 Archmage 
 2 Blizzard
 1 Brilliance Aura
 3 Pit Lord 
 2 Rain of Fire
 1 Howl of Terror
 2 Goblin Tinker 
 1 Pocket Factory
 1 Engineering Upgrade
 
                » actions 
                
                | Assign group hotkey | 62 |  | 
| Basic commands | 65 |  | 
| Build / train | 68 |  | 
| Enter build submenu | 21 |  | 
| Enter hero's abilities submenu | 8 |  | 
| Remove unit from queue | 1 |  | 
| Right click | 711 |  | 
| Select / deselect | 369 |  | 
| Select group hotkey | 374 |  | 
| Use ability | 101 |  | 
                1780 total
 » units 
                
                | Peasant | 10 |  | 
| Footman | 8 |  | 
| Sorceress | 2 |  | 
| Priest | 2 |  | 
| Spell Breaker | 7 |  | 
| Mortar Team | 11 |  | 
| Rifleman | 2 |  | 
                42 total
 » upgrades
                
                | Defend | 1 |  | 
| Sorceress Training | 2 |  | 
| Fragmentation Shards | 1 |  | 
                4 total
 » buildings
                
                | Altar of Kings | 1 |  | 
| Farm | 8 |  | 
| Barracks | 1 |  | 
| Scout Tower | 5 |  | 
| Arcane Tower | 1 |  | 
| Keep | 1 |  | 
| Lumber Mill | 1 |  | 
| Arcane Vault | 2 |  | 
| Blacksmith | 1 |  | 
| Arcane Sanctum | 2 |  | 
| Castle | 1 |  | 
| Workshop | 1 |  | 
| Town Hall | 1 |  | 
                26 total
 » build order
                00:09 Altar of Kings
00:22 Farm
00:51 Barracks
01:02 Farm
01:37 Scout Tower
01:42 Farm
02:25 Arcane Tower
03:42 Keep
04:03 Lumber Mill
04:04 Arcane Vault
04:47 Arcane Vault
05:06 Farm
05:51 Blacksmith
06:06 Arcane Sanctum
07:02 Arcane Sanctum
08:16 Farm
08:18 Farm
10:03 Farm
10:03 Farm
11:12 Castle
12:48 Workshop
17:27 Town Hall
18:11 Scout Tower
18:12 Scout Tower
18:12 Scout Tower
» items
                
                | Rod of Necromancy | 1 |  | 
| Healing Salve | 1 |  | 
| Scroll of Town Portal | 2 |  | 
| Scroll of Healing | 1 |  | 
| Scroll of Regeneration | 1 |  | 
| Potion of Healing | 1 |  | 
                7 total
  
               team 2 (winner) 
              
              
BEAR_AND (
yellow | 147 APM | 3636 actions | 24:44)
              
 3 Archmage 
 1 Summon Water Elemental
 2 Brilliance Aura
 3 Mountain King 
 2 Storm Bolt
 1 Bash
 
                » actions 
                
                | Assign group hotkey | 49 |  | 
| Basic commands | 22 |  | 
| Build / train | 94 |  | 
| Enter build submenu | 33 |  | 
| Enter hero's abilities submenu | 6 |  | 
| Give item / drop item | 3 |  | 
| Right click | 2081 |  | 
| Select / deselect | 426 |  | 
| Select group hotkey | 827 |  | 
| Use ability | 95 |  | 
                3636 total
 » units 
                
                | Peasant | 11 |  | 
| Footman | 12 |  | 
| Flying Machine | 28 |  | 
                51 total
 » upgrades
                
                | Masonry | 1 |  | 
| Defend | 1 |  | 
| Gunpowder | 3 |  | 
| Flak Cannons | 1 |  | 
| Flying Machine Bombs | 1 |  | 
| Plating | 1 |  | 
                8 total
 » buildings
                
                | Altar of Kings | 1 |  | 
| Farm | 8 |  | 
| Barracks | 1 |  | 
| Lumber Mill | 1 |  | 
| Scout Tower | 19 |  | 
| Guard Tower | 15 |  | 
| Arcane Tower | 3 |  | 
| Arcane Vault | 1 |  | 
| Keep | 1 |  | 
| Castle | 1 |  | 
| Blacksmith | 1 |  | 
| Workshop | 2 |  | 
                54 total
 » build order
                00:15 Altar of Kings
00:20 Farm
00:39 Barracks
00:58 Farm
01:38 Farm
01:45 Lumber Mill
03:10 Scout Tower
03:10 Scout Tower
03:10 Scout Tower
03:41 Scout Tower
03:41 Scout Tower
03:49 Guard Tower
03:49 Arcane Tower
03:50 Scout Tower
03:51 Scout Tower
03:54 Guard Tower
03:55 Scout Tower
04:09 Scout Tower
04:17 Guard Tower
04:25 Guard Tower
04:39 Guard Tower
04:53 Farm
05:08 Arcane Tower
05:09 Guard Tower
05:12 Scout Tower
05:14 Scout Tower
05:53 Arcane Vault
05:55 Guard Tower
05:55 Guard Tower
05:57 Scout Tower
05:58 Scout Tower
06:08 Guard Tower
06:27 Guard Tower
07:52 Guard Tower
08:38 Keep
09:10 Farm
09:11 Farm
09:27 Scout Tower
09:29 Scout Tower
09:34 Scout Tower
09:35 Scout Tower
10:14 Scout Tower
10:15 Scout Tower
11:14 Arcane Tower
11:15 Guard Tower
11:28 Castle
11:55 Guard Tower
11:55 Guard Tower
12:25 Blacksmith
12:30 Guard Tower
12:34 Farm
12:37 Farm
13:53 Workshop
13:54 Workshop
» items
                
                | Scroll of Regeneration | 2 |  | 
| Lesser Clarity Potion | 1 |  | 
| Staff of Sanctuary | 1 |  | 
| Scroll of Town Portal | 1 |  | 
                5 total
  
               
              
              
Iceberg-Slim (
red | 95 APM | 2355 actions | 24:43)
              
 3 Keeper of the Grove 
 2 Entangling Roots
 1 Thorns Aura
 2 Priestess of the Moon 
 1 Searing Arrows
 1 Trueshot Aura
 
                » actions 
                
                | Assign group hotkey | 15 |  | 
| Basic commands | 345 |  | 
| Build / train | 50 |  | 
| Enter build submenu | 25 |  | 
| Enter hero's abilities submenu | 5 |  | 
| Give item / drop item | 1 |  | 
| Right click | 1239 |  | 
| Select / deselect | 315 |  | 
| Select group hotkey | 301 |  | 
| Use ability | 59 |  | 
                2355 total
 » units 
                » upgrades
                
                | Strength of the Moon | 1 |  | 
| Improved Bows | 1 |  | 
| Abolish Magic | 1 |  | 
| Strength of the Wild | 1 |  | 
| Reinforced Hides | 1 |  | 
| Ultravision | 1 |  | 
                6 total
 » buildings
                
                | Altar of Elders | 2 |  | 
| Moon Well | 10 |  | 
| Ancient of War | 1 |  | 
| Tree of Ages | 1 |  | 
| Hunter's Hall | 1 |  | 
| Ancient of Lore | 4 |  | 
| Ancient of Wonders | 1 |  | 
| Tree of Life | 3 |  | 
                23 total
 » build order
                00:06 Altar of Elders
00:34 Moon Well
01:02 Ancient of War
01:31 Moon Well
02:33 Moon Well
04:40 Tree of Ages
05:11 Hunter's Hall
07:12 Ancient of Lore
07:15 Ancient of Lore
08:28 Ancient of Wonders
08:45 Moon Well
10:47 Ancient of Lore
10:52 Ancient of Lore
11:18 Moon Well
11:22 Moon Well
11:25 Moon Well
12:23 Tree of Life
13:01 Moon Well
13:04 Moon Well
13:06 Moon Well
13:33 Tree of Life
17:04 Altar of Elders
21:14 Tree of Life
» items
                 
               
              
              
iggy_the_fisk (
orange | 105 APM | 2607 actions | 24:43)
              
 4 Mountain King 
 2 Storm Bolt
 2 Bash
 2 Paladin 
 1 Holy Light
 1 Divine Shield
 
                » actions 
                
                | Assign group hotkey | 262 |  | 
| Basic commands | 64 |  | 
| Build / train | 106 |  | 
| Enter build submenu | 26 |  | 
| Enter hero's abilities submenu | 7 |  | 
| Give item / drop item | 2 |  | 
| Remove unit from queue | 1 |  | 
| Right click | 1240 |  | 
| Select / deselect | 402 |  | 
| Select group hotkey | 389 |  | 
| Use ability | 108 |  | 
                2607 total
 » units 
                
                | Peasant | 20 |  | 
| Footman | 17 |  | 
| Flying Machine | 16 |  | 
| Knight | 8 |  | 
                61 total
 » upgrades
                
                | Defend | 1 |  | 
| Masonry | 2 |  | 
| Lumber Harvesting | 1 |  | 
| Swords | 1 |  | 
| Animal War Training | 1 |  | 
| Flak Cannons | 1 |  | 
| Gunpowder | 2 |  | 
| Flying Machine Bombs | 1 |  | 
                10 total
 » buildings
                
                | Altar of Kings | 1 |  | 
| Barracks | 1 |  | 
| Farm | 8 |  | 
| Lumber Mill | 1 |  | 
| Scout Tower | 8 |  | 
| Guard Tower | 8 |  | 
| Arcane Vault | 1 |  | 
| Arcane Tower | 1 |  | 
| Keep | 1 |  | 
| Blacksmith | 1 |  | 
| Castle | 1 |  | 
| Workshop | 1 |  | 
| Town Hall | 1 |  | 
                34 total
 » build order
                00:05 Altar of Kings
00:21 Barracks
00:25 Farm
00:51 Farm
01:29 Farm
02:02 Lumber Mill
03:05 Scout Tower
03:30 Guard Tower
03:32 Scout Tower
03:57 Guard Tower
04:45 Scout Tower
04:45 Scout Tower
05:02 Scout Tower
05:19 Guard Tower
05:34 Guard Tower
05:51 Guard Tower
06:17 Arcane Vault
06:30 Arcane Tower
08:14 Keep
08:17 Scout Tower
08:46 Guard Tower
08:48 Scout Tower
09:16 Guard Tower
09:49 Scout Tower
10:43 Blacksmith
10:54 Guard Tower
10:55 Castle
11:35 Farm
12:08 Workshop
16:05 Farm
17:10 Farm
17:51 Farm
21:22 Farm
21:53 Town Hall
» items
                
                | Scroll of Regeneration | 4 |  | 
| Lesser Clarity Potion | 4 |  | 
| Scroll of Town Portal | 5 |  | 
| Staff of Teleportation | 1 |  | 
                14 total
  
               
              
              
» 
TIMG4STRok (
teal | 160 APM | 3954 actions | 24:43)
              
 5 Demon Hunter 
 3 Mana Burn
 2 Evasion
 5 Pandaren Brewmaster 
 3 Breath of Fire
 2 Drunken Brawler
 
                » actions 
                
                | Assign group hotkey | 22 |  | 
| Basic commands | 113 |  | 
| Build / train | 83 |  | 
| ESC pressed | 4 |  | 
| Enter build submenu | 15 |  | 
| Enter hero's abilities submenu | 10 |  | 
| Give item / drop item | 2 |  | 
| Right click | 1637 |  | 
| Select / deselect | 218 |  | 
| Select group hotkey | 1752 |  | 
| Use ability | 98 |  | 
                3954 total
 » units 
                » upgrades
                
                | Abolish Magic | 1 |  | 
| Nature's Blessing | 1 |  | 
| Ultravision | 1 |  | 
| Well Spring | 1 |  | 
| Strength of the Wild | 3 |  | 
| Reinforced Hides | 1 |  | 
                8 total
 » buildings
                
                | Altar of Elders | 1 |  | 
| Moon Well | 5 |  | 
| Ancient of War | 2 |  | 
| Tree of Ages | 1 |  | 
| Tree of Life | 1 |  | 
| Hunter's Hall | 1 |  | 
| Ancient of Lore | 3 |  | 
| Ancient of Wonders | 1 |  | 
| Tree of Eternity | 1 |  | 
                16 total
 » build order
                00:10 Altar of Elders
00:19 Moon Well
00:38 Ancient of War
01:45 Ancient of War
01:50 Moon Well
03:45 Tree of Ages
04:49 Tree of Life
05:53 Moon Well
06:24 Hunter's Hall
08:00 Ancient of Lore
08:01 Ancient of Lore
08:05 Ancient of Wonders
08:16 Moon Well
10:04 Moon Well
11:17 Tree of Eternity
15:49 Ancient of Lore
» items
                
                | Boots of Speed | 2 |  | 
| Scroll of Town Portal | 6 |  | 
| Staff of Preservation | 2 |  | 
| Potion of Healing | 3 |  | 
| Staff of Teleportation | 1 |  | 
| Orb of Venom | 2 |  | 
| Potion of Mana | 1 |  | 
| Moonstone | 1 |  | 
| Scroll of Regeneration | 1 |  | 
| Lesser Clarity Potion | 1 |  | 
                20 total
  
                Chat log
          
(19:11 / All) Fase: oh great
(19:33 / All) TIMG4STRok: on the plus side they nerfed dryads
(19:41 / All) TIMG4STRok: on the negative side you have to kill them to make use of the nerf
(23:18 / All) TIMG4STRok: gg
(23:19 / All) iggy_the_fisk: thank ye
(23:21 / All) iggy_the_fisk: www.highper.ch
(23:23 / All) BEAR_AND: clan towa
(23:51 / All) BEAR_AND: leave noobdead
(23:56 / All) iggy_the_fisk: look who it is
(23:57 / All) BEAR_AND: always filthy scourge to stay last
(23:58 / All) iggy_the_fisk: It's the undead
(24:00 / All) iggy_the_fisk: never quits
(24:03 / All) iggy_the_fisk: until his noob dk dies
(24:12 / All) BEAR_AND: castle fallen
(24:13 / All) BEAR_AND: leave now
(24:35 / All) iggy_the_fisk: now you can quit
(24:41 / All) iggy_the_fisk: yes yes heronuke blah blah